 Seeded DCSS version 0.32-a0-33-g74fbe469d6 (webtiles) character file.

Game seed: 9872065412798756122 (custom seed)

5611 timneilson the Blocker (level 10, -3/64 HPs)
             Began as a Gargoyle Fighter on Jan 20, 2024.
             Was a Believer of Qazlal.
             Slain by Fannar
             ... wielding a staff of cold
              (7 damage)
             ... on level 10 of the Dungeon.
             The game lasted 00:17:03 (8343 turns).

timneilson the Blocker (Gargoyle Fighter)           Turns: 8343, Time: 00:17:03

Health: -3/64      AC: 29    Str: 27    XL:     10   Next: 73%
Magic:  12/12      EV:  9    Int: 13    God:    Qazlal [**....]
Gold:   134        SH: 15    Dex: 13    Spells: 9/9 levels left

rFire   . . .        y - +1 double sword (holy)
rCold   + . .        c - +1 buckler
rNeg    + . .        E - +0 plate armour
rPois   ∞            m - +2 helmet
rElec   +            n - +0 cloak
rCorr   .            A - +2 pair of gloves
SInv    .            (no boots)
Will    .....        C - amulet of reflection Stlth
                     D - ring of protection from cold
HPRegen 0.30/turn    o - ring of Casuq {Str+6 Int+5}
MPRegen 0.13/turn

%: reflection
@: studying Fighting
A: sickness immunity, AC +7, negative energy resistance 1, electricity
resistance, torment resistance 1, petrification resistance
a: Renounce Religion, Upheaval


You were on level 10 of the Dungeon.
You worshipped Qazlal.
Qazlal was pleased with you.
You visited 2 branches of the dungeon, and saw 11 of its levels.

You collected 849 gold pieces.
You spent 715 gold pieces at shops.

Inventory:

Hand Weapons
 a - a +1 long sword of venom
 y - a +1 double sword of holy wrath (weapon)
 z - a +0 scimitar of draining
Missiles
 q - 3 throwing nets (quivered)
Armour
 c - a +1 buckler (worn)
 m - a +2 helmet (worn)
 n - a +0 cloak (worn)
 A - a +2 pair of gloves (worn)
 E - a +0 plate armour (worn)
Jewellery
 b - the ring of the Past {rF+ Will+ Int-3 Dex+2 Stlth+}
   (You acquired it on level 6 of the Dungeon)

   [ring of protection from fire]

   Int-3:     It affects your intelligence (-3).
   Dex+2:     It affects your dexterity (+2).
   rF+:       It protects you from fire.
   Will+:     It increases your willpower.
   Stlth+:    It makes you more stealthy.
 o - the ring of Casuq (right hand) {Str+6 Int+5}
   (You took it off a deep elf pyromancer on level 7 of the Dungeon)

   [ring of strength]

   Str+6:     It affects your strength (+6).
   Int+5:     It affects your intelligence (+5).
 B - a ring of see invisible
 C - an amulet of reflection (around neck)
 D - a ring of protection from cold (left hand)
Wands
 j - a wand of flame (10)
 w - a wand of iceblast (7)
 x - a wand of paralysis (7)
Scrolls
 e - 3 scrolls of revelation
 g - 6 scrolls of teleportation
 h - a scroll of fear
 l - 2 scrolls of poison
 t - a scroll of fog
 v - 2 scrolls of amnesia
Potions
 d - 2 potions of might
 f - 3 potions of magic {unknown}
 i - a potion of brilliance
 p - 2 potions of enlightenment
 r - 3 potions of mutation
 s - 3 potions of invisibility
 u - a potion of attraction {unknown}


   Skills:
 + Level 7.8 Fighting
 * Level 7.0 Long Blades
 * Level 8.8 Armour
 + Level 4.1 Dodging
 * Level 8.8 Shields
 + Level 3.9 Invocations
 + Level 2.9 Evocations


You had 9 spell levels left.
You didn't know any spells.
Your spell library contained the following spells:

 Spells                   Type           Power      Damage    Failure   Level
 Call Imp                 Summ           0%         N/A       99%         2
 Ensorcelled Hibernation  Hex/Ice        0%         N/A       99%         2
 Passwall                 Erth           0%         N/A       100%        3
 Swiftness                Air            0%         N/A       100%        3
 Summon Hydra             Summ           0%         N/A       100%        7
 Sublimation of Blood     Necr           Unusable   N/A       N/A         2

Dungeon Overview and Level Annotations

Branches:
Dungeon (10/15)            Temple (1/1) D:5            Lair (0/5) D:9
    Orc: D:9-12

Altars:
Ashenzari
Cheibriados
Dithmenos
Elyvilon
Fedhas
Gozag
Hepliaklqana
Kikubaaqudgha
Makhleb
Nemelex Xobeh
Okawaru
Qazlal
Ru
Sif Muna
Trog
Uskayaw
Vehumet
Wu Jian
Xom
Yredelemnul
Zin
The Shining One

Shops:
D:1 :   D:8 =   D:9 *

Annotations:
D:4 1 runed translucent door
D:10 1 runed translucent door, Fannar
Temple 2 transporters


Innate Abilities, Weirdness & Mutations

You are immune to sickness and miasma.
Your stone body is resilient. (AC +7)
You are immune to poison.
You resist negative energy. (rN+)
You are resistant to electric shocks. (rElec)
You are resistant to unholy torment.
You are immune to petrification.


Message History

You block Fannar's attack. x2
You slash Fannar!
Fannar is moderately wounded.
You block Fannar's attack.
You hit Fannar but do no damage.
Fannar is moderately wounded.
Fannar casts a spell.
Fannar drains the heat from the surrounding environment!
You resist.
You miss Fannar.
Fannar is moderately wounded.
Fannar hits you but does no damage. Fannar freezes you.
You hit Fannar.
Fannar is moderately wounded.
You block Fannar's attack.
You closely miss Fannar.
Fannar is moderately wounded.
Fannar hits you but does no damage. Fannar freezes you.
Fannar gestures at you while chanting. The bolt of cold hits you! You resist.
You slash Fannar!
Fannar is heavily wounded.
Fannar barely misses you.
You hit Fannar but do no damage.
Fannar is heavily wounded.
Fannar casts a spell at you. The bolt of cold hits you! You resist.
* * * LOW HITPOINT WARNING * * *
You feel better. Fannar casts a spell at you. The bolt of cold hits you.
You resist.
* * * LOW HITPOINT WARNING * * *
You feel better.
Fannar points at you and mumbles some strange words.
The bolt of cold hits you! You resist.
* * * LOW HITPOINT WARNING * * *
You slash Fannar!
Fannar is severely wounded.
Fannar hits you but does no damage. Fannar freezes you!
You die...

#... #... #########...
#############...........
......○................#
......e@○..............#
......§................#
......#+#######....<...#
'#.... ###+####.# #...
#.. #... ........ #..
........ #.. .###+###
.#∩..3P#


You could see Fannar.

Vanquished Creatures
  The ghost of p00ps00p the Chopper, a novice HOFi (D:4)
  A deep elf pyromancer (D:7)
  The ghost of knightboat the Vexing, an amateur BaHs (D:3)
  Sigmund (D:3)
  A wyvern (D:9)
  A steam dragon (D:7)
  A water moccasin (D:7)
  2 orc warriors
  3 ice beasts
  2 ogres
  3 black bears
  2 sky beasts
  6 centaurs
  2 kobold brigands
  Blork the orc (D:4)
  4 bullfrogs
  A gnoll sergeant (D:9)
  2 scorpions
  3 wights (D:6)
  8 killer bees
  5 howler monkeys (D:9)
  2 bombardier beetles
  7 hounds
  A gnoll bouda (D:9)
  4 orc priests
  4 jellies
  3 sleepcaps
  6 iguanas
  An orc wizard (D:9)
  2 hound zombies (D:5)
  16 gnolls
  7 adders
  A white imp (D:6)
  2 ufetubi (D:6)
  A dart slug (D:4)
  3 ribbon worms
  18 orcs
  A bat (D:1)
  10 endoplasms
  2 giant cockroaches
  6 goblins
  10 hobgoblins
  2 jackals (D:9)
  A quokka (D:4)
  2 ball pythons
  2 frilled lizards (D:1)
  18 kobolds
  4 rats
187 creatures vanquished.

Notes
Turn   | Place    | Note
-------+----------+-------------------------------------------
     0 | D:1      | timneilson the Gargoyle Fighter began the quest for the
                  | Orb.
     0 | D:1      | Reached XP level 1. HP: 14/14 MP: 1/1
   243 | D:1      | Reached XP level 2. HP: 19/19 MP: 2/2
   807 | D:1      | Found Logiotz's Book Emporium.
   939 | D:2      | Reached XP level 3. HP: 16/23 MP: 3/3
  1704 | D:2      | Found a faded altar of an unknown god.
  1886 | D:3      | Found a sparkling altar of Nemelex Xobeh.
  1886 | D:3      | Found an opulent altar of Gozag.
  1903 | D:3      | Found a runed translucent gate.
  1903 | D:3      | Found a runed translucent gate.
  1903 | D:3      | Found a runed translucent gate.
  1903 | D:3      | Noticed knightboat's ghost (amateur BaHs)
  1904 | D:3      | Identified the +2 leather armour of Nubi {rElec Regen+}
  2014 | D:3      | Found a shadowy altar of Dithmenos.
  2016 | D:3      | Found a shimmering altar of Xom.
  2162 | D:3      | Noticed Sigmund
  2179 | D:3      | Killed Sigmund
  2180 | D:3      | Reached skill level 1 in Dodging
  2180 | D:3      | Reached XP level 4. HP: 15/29 MP: 2/4
  2180 | D:3      | Reached XP level 5. HP: 17/33 MP: 2/5
  2180 | D:3      | Reached XP level 6. HP: 20/38 MP: 2/6
  2536 | D:3      | Identified the +2 leather armour "Nytall" {rF+ Int+5
                  | Stlth+}
  2720 | D:4      | Noticed a black bear
  2734 | D:4      | Killed a black bear
  2979 | D:4      | Found a snail-covered altar of Cheibriados.
  3004 | D:4      | Reached skill level 5 in Armour
  3004 | D:4      | Reached skill level 5 in Shields
  3088 | D:4      | Found a runed translucent door.
  3110 | D:4      | Found a runed translucent door.
  3111 | D:4      | Noticed p00ps00p's ghost (novice HOFi)
  3326 | D:4      | Reached XP level 7. HP: 41/43 MP: 5/7
  3493 | D:4      | Noticed Blork the orc
  3500 | D:4      | Killed Blork the orc
  3820 | D:5      | Entered Level 5 of the Dungeon
  3855 | D:5      | Reached XP level 8. HP: 36/48 MP: 5/8
  3969 | D:5      | Found a staircase to the Ecumenical Temple.
  4005 | Temple   | Found a transporter.
  4005 | Temple   | Found a transporter.
  4005 | Temple   | Found a transporter.
  4005 | Temple   | Found a transporter.
  4005 | Temple   | Entered the Ecumenical Temple
  4025 | Temple   | Became a worshipper of Qazlal Stormbringer
  4129 | D:5      | Reached skill level 5 in Fighting
  4253 | D:5      | Found a basalt altar of Yredelemnul.
  4459 | D:5      | Found a hide-covered altar of Uskayaw.
  4469 | D:5      | Reached skill level 5 in Long Blades
  4564 | D:5      | Identified a scroll of acquirement
  4564 | D:5      | Acquired a manual of Fighting
  4592 | D:6      | Reached skill level 1 in Invocations
  4730 | D:6      | Reached XP level 9. HP: 48/54 MP: 8/10
  5078 | D:6      | Reached skill level 1 in Evocations
  5633 | D:6      | Acquired 320 gold pieces
  5635 | D:6      | Acquired a +1 double sword of holy wrath
  5637 | D:6      | Acquired the ring of the Past {rF+ Will+ Int-3 Dex+2
                  | Stlth+}
  5889 | D:7      | Found an ornate altar of the Wu Jian Council.
  5959 | D:7      | Reached * piety under Qazlal
  6060 | D:7      | Noticed a deep elf pyromancer
  6310 | D:7      | Identified the ring of Casuq {Str+6 Int+5}
  6320 | D:7      | Killed a deep elf pyromancer
  6356 | D:7      | Reached XP level 10. HP: 60/61 MP: 10/12
  6662 | D:8      | Found Udeps's Jewellery Shoppe.
  6669 | D:8      | Bought an amulet of reflection for 390 gold pieces
  7038 | D:8      | Found a bloodstained altar of Trog.
  7162 | D:9      | Reached ** piety under Qazlal
  7693 | D:9      | Found a staircase to the Lair.
  7716 | D:9      | Found Xajeloir's Assorted Antiques.
  7922 | D:3      | Killed knightboat's ghost
  8011 | D:4      | Killed p00ps00p's ghost
  8160 | D:10     | Entered Level 10 of the Dungeon
  8260 | D:8      | Bought a ring of protection from cold for 325 gold pieces
  8300 | D:10     | Found a runed translucent door.
  8318 | D:10     | Noticed Fannar
  8342 | D:10     | HP: 3/64 [Fannar/bolt of cold (14)]
  8343 | D:10     | Slain by Fannar

Illustrated notes

Levels and vault maps discovered:
D:1:      dpeg_arrival_stone_temple_mockup, layout_loops_corners, serial_shops,
          shop, minmay_split_cup_large
D:2:      layout_basic, chequers_ecumenical_altar_grove, chequers_jeans
D:3:      cheibrodos_thug_alley, layout_rooms, grunt_temple_overflow_opulence,
          grunt_temple_overflow_open, biasface_ghost_orc_armoury, uniq_sigmund
D:4:      minmay_razor_zed, layout_gridville, cheibriados_altar_1,
          ebering_ghost_sewer_f, serial_bayou, serial_bayou_pond_d,
          serial_bayou_shore_b, serial_bayou_pond_a, serial_bayou_shore_b,
          uniq_blork_the_orc
D:5:      layout_rooms, lemuel_doored_altar, lemuel_zombie_altar_yredelemnul,
          minmay_temple_entry_overgrown, nicolae_underground_beach
D:6:      layout_basic
D:7:      minmay_clustersquares, layout_loops_cross,
          mainiacjoe_overflow_catwalk, kennysheep_windowed_goal
D:8:      layout_loops_ring, general_overflow_altar, serial_shops,
          nicolae_diamond_shop
D:9:      layout_cave_pools, lair_entry_dummy, serial_gnoll_camp,
          gnoll_camp_mini_shop, gnoll_camp_medium_02, gnoll_camp_mini_hut,
          gnoll_camp_mini_hut
D:10:     layout_irregular_city, hellmonk_ghost_big_iron,
          minmay_gold_behind_fungi, uniq_fannar, uniq_gastronok
Temple:   hellmonk_temple_divided_pantheon

Skill      XL: |  1  2  3  4  5  6  7  8  9 10 |
---------------+-------------------------------+-----
Long Blades    | 2 3 4 5 6 7 |  7.0
Armour         | 4 5 6 7 8 |  8.8
Dodging        | 1 2 3 4 |  4.1
Shields        | 4 5 6 8 |  8.8
Fighting       | 4 5 6 7 |  7.8
Invocations    | 1 3 |  3.9
Evocations     | 2 |  2.9

Action                     |  1- 3 |  4- 6 |  7- 9 | 10-12 || total
---------------------------+-------+-------+-------+-------++-------
  Melee: Long sword        |    97 |    64 |   233 |       ||   394
         Double sword      |       |       |    89 |   249 ||   338
  Evoke: Wand              |       |       |     2 |       ||     2
    Use: Scroll            |    11 |     2 |     8 |     6 ||    27
         Potion            |     1 |       |     3 |     2 ||     6
   Stab: Invisible         |     3 |       |       |       ||     3
 Armour: Scale mail        |    37 |       |       |       ||    37
         Chain mail        |    26 |    66 |   297 |    77 ||   466
         Plate armour      |       |       |       |    77 ||    77
  Dodge: Dodged            |    44 |    27 |   142 |    83 ||   296
  Block: Buckler           |    16 |    27 |   137 |   210 ||   390
         Reflection        |       |       |       |     5 ||     5

Table legend: (Time is in decaauts)
 A = Elapsed time spent in this place.
 B = Non-inter-level travel time spent in this place.
 C = Inter-level travel time spent in this place.
 D = Time resting spent in this place.
 E = Time spent auto-exploring this place.
 F = Levels seen in this place.
 G = Mean time per level.
                   A        B        C        D        E       F      G
               +--------+--------+--------+--------+--------+-----+--------+
         Total |   8518 |   7871 |    647 |     75 |   5556 |  11 |  774.4 |
       Dungeon |   8481 |   7841 |    640 |     75 |   5556 |  10 |  848.1 |
        Temple |     36 |     29 |      7 |      0 |      0 |   1 |   36.0 |
               +--------+--------+--------+--------+--------+-----+--------+

Top non-repeatable levels by time:
     D:4: 1213 daAuts
     D:6: 1150 daAuts
     D:3: 1011 daAuts
     D:2: 949 daAuts
     D:7: 902 daAuts
     D:1: 885 daAuts
     D:9: 787 daAuts
     D:5: 751 daAuts
     D:8: 746 daAuts
    D:10: 81 daAuts
  Temple: 36 daAuts
